 Dungeon Crawl Stone Soup version 0.25-a0-785-gb22c70e859 (webtiles) character file.

Game seed: 4784056069321284516, levelgen mode: deterministic

67 Morrissey the Chiller (level 4, -1/30 HPs)
             Began as a Merfolk Ice Elementalist on Apr 17, 2020.
             Killed from afar by an orc wizard (8 damage)
             ... with a magic dart
             ... on level 1 of the Dungeon.
             The game lasted 00:04:59 (973 turns).

Morrissey the Chiller (Merfolk Ice Elementalist)     Turns: 973, Time: 00:04:59

Health: -1/30      AC:  3    Str:  8    XL:     4   Next: 18%
Magic:  1/7        EV: 14    Int: 14    God:
Gold:   65         SH:  0    Dex: 15    Spells: 7/8 levels left

rFire    . . .     SeeInvis .   d - +0 dagger
rCold    . . .     Gourm    .   (no shield)
rNeg     . . .     Faith    .   a - +0 robe
rPois    .         Spirit   .   (no helmet)
rElec    .         Reflect  .   (no cloak)
rCorr    .         Harm     .   k - +0 pair of gloves
MR       .....                  (no boots)
Stlth    ++........             (no amulet)
HPRegen  0.10/turn              (no ring)
MPRegen  0.10/turn              (no ring)

@: slowed, very slow
A: change form in water, swift swim, stealthy swim
a: no special abilities


You were on level 1 of the Dungeon.
You were hungry.

You visited 1 branch of the dungeon, and saw 2 of its levels.

You collected 65 gold pieces.

Inventory:

Hand Weapons
 d - a +0 dagger (weapon)
Armour
 a - a +0 robe (worn)
 k - a +0 pair of gloves (worn)
Scrolls
 b - 2 scrolls of identify {unknown}
 g - a scroll of immolation {unknown}
 i - a scroll of magic mapping {unknown}
 j - a scroll of fear {unknown}
 l - a scroll of teleportation {unknown}
Potions
 e - 2 potions of curing {unknown}
 h - a potion of stabbing {unknown}
Comestibles
 c - 2 rations


   Skills:
 + Level 3.4 Dodging
 + Level 3.0 Stealth
 + Level 2.5 Spellcasting
 * Level 5.1 Ice Magic


You had 7 spell levels left.
You knew the following spells:

 Your Spells              Type           Power        Failure   Level  Hunger
a - Freeze                Ice            ###.         2%          1    #......

Your spell library contained the following spells:

 Spells                   Type           Power        Failure   Level  Hunger
 Frozen Ramparts          Ice            ###...       9%          3    ###....
 Ozocubu's Armour         Chrm/Ice       #.......     24%         3    ###....
 Hailstorm                Conj/Ice       #.......     61%         4    #####..
 Summon Ice Beast         Ice/Summ       #.......     61%         4    #####..


Dungeon Overview and Level Annotations

Branches:
Dungeon (2/15)

Altars:


Message History

You closely miss the orc wizard.
The orc wizard is lightly wounded.
The orc wizard casts a spell at you.
You feel yourself slow down. The orc wizard casts a spell at you.
The magic dart hits you!
* * * LOW HITPOINT WARNING * * *
You hit the orc wizard but do no damage.
The orc wizard is lightly wounded.
The orc wizard casts a spell.
The orc wizard blinks!
The orc wizard gestures wildly while chanting.
The orc wizard blinks!
The orc wizard casts a spell at you. The magic dart hits you.
* * * LOW HITPOINT WARNING * * *
There is a stone staircase leading down, spattered with blood here.
The orc wizard points at you and mumbles some strange words.
The magic dart hits you!
You die...

# ##### # #...# # #...# # #...# #
#...# # #..o################
##### #..@................ #...##
#..>##########.##### ###...##
#.).# #.# .......## #...# #.#
........#######.## #.#
....(.......###.####### #.#
.......####...........#####.# #
.......#####.............##.# #
.....................###..#.#####


You could see an orc wizard.

Vanquished Creatures
  An orc priest (D:1)
  A worm (D:2)
  A dart slug (D:1)
  A leopard gecko (D:1)
  An orc (D:2)
  2 giant cockroaches (D:1)
  2 goblins (D:1)
  7 hobgoblins
  5 bats
  A frilled lizard (D:1)
  5 kobolds (D:1)
  5 rats (D:1)
32 creatures vanquished.

Notes
Turn   | Place    | Note
-------+----------+-------------------------------------------
     0 | D:1      | Morrissey the Merfolk Ice Elementalist began the quest for
                  | the Orb.
     0 | D:1      | Reached XP level 1. HP: 13/13 MP: 3/3
   112 | D:1      | Reached XP level 2. HP: 19/19 MP: 0/5
   444 | D:1      | Reached XP level 3. HP: 23/24 MP: 4/6
   964 | D:1      | Reached skill level 5 in Ice Magic
   964 | D:1      | Reached XP level 4. HP: 26/30 MP: 0/7
   973 | D:1      | Killed from afar by an orc wizard

Levels and vault maps discovered:
D:1:      wander_arrival_lonely_grave, layout_rooms,
          ebering_dispersal_statue_hall, minmay_misc_feat_more_columns,
          interstate_on_off, hex_large, grunt_decor_fettered
D:2:      layout_basic, grunt_temple_overflow_opulence, uniq_robin,
          uniq_crazy_yiuf_cottage

Skill      XL: |  1  2  3 |
---------------+----------+-----
Dodging        | 3 |  3.4
Stealth        | 3 |  3.0
Ice Magic      | 5 |  5.1
Spellcasting   | |  2.5

Action                   |  1- 3 |  4- 6 || total
-------------------------+-------+-------++-------
Melee: Dagger            |    24 |     3 ||    27
       Unarmed           |     1 |       ||     1
 Cast: Freeze            |    45 |     1 ||    46
Armor: Robe              |    11 |       ||    11
Dodge: Dodged            |    69 |       ||    69

Table legend:
 A = Non-vault XP
 B = Vault XP
 C = Vault XP percentage of total XP
 D = Non-vault monster count
 E = Vault monster count
 F = Vault count percentage of total count
                 A         B        C        D         E       F
            +---------+---------+-------+---------+---------+-------
      Total |      97 |       0 |   0.0 |      32 |       0 |   0.0
            +---------+---------+-------+---------+---------+-------
        D:1 |      86 |       0 |   0.0 |      28 |       0 |   0.0
        D:2 |      11 |       0 |   0.0 |       4 |       0 |   0.0
            +---------+---------+-------+---------+---------+-------
